Workbook
Name 図１: [1]様式5!$B$50
Name 図３: [1]様式5!$B$50

Sheet 提出書類一覧
B1: 訪問系障害福祉サービス暑さ対策緊急支援事業 提出書類一覧（交付申請時）
B2: 交付申請書の提出にあたり、こちらで提出書類をチェックの上、一緒にご提出ください。
B3: 法人名： | G3: 事業所番号： | J3: 事業所名：
B4: サービス種別 (当該事業所番号で実施しているサービスに〇） | H4: 居宅介護 | I4: 重度訪問介護 | J4: 同行援護 | K4: 行動援護 | L4: 重度障害者等包括支援 | M4: 自立生活援助 | N4: 居宅訪問型児童発達支援 | O4: 保育所等訪問支援 | P4: 計画相談支援 | Q4: 地域移行支援 | R4: 地域定着支援 | S4: 障害児相談支援
B7: 番号 | C7: 提 出 書 類 名 | H7: 提出時 チェック欄 | I7: 備 考
B9: 1 | C9: 訪問系障害福祉サービス暑さ対策緊急支援事業 提出書類一覧(本票)
B10: 2 | C10: 交付申請書（様式第1号） | I10: 印鑑証明書と同じ印鑑を使用し、押印してください。
B11: 3 | C11: 積算調書（別紙1-1）
B12: 4 | C12: 支出予定額内訳書（別紙1-2）
B13: 5 | C13: 職員名簿（別紙1-3）
B14: 6 | C14: 歳入歳出予算（見込）書抄本 | I14: 印鑑証明書と同じ印鑑を使用し、押印してください。
B15: 7 | C15: 支払金口座振替依頼書 | I15: ・法人名義又は事業所名義の口座をお願いいたします。 ・日付は空欄にしてください。 ・印鑑証明書と同じ印鑑を使用し、押印してください。
B16: 8 | C16: 印鑑証明書 | I16: 令和８年4月1日以降に取得したものを提出してください。 なお、1事業者で複数事業所分を申請する場合、いずれか１つの事業所分に原本を添付し、その他の事業所分については写しを添付いただいて差し支えありません。
B18: ※その他、必要に応じて書類の提出をお願いすることがあります。
B19: ※各様式における法人名・法人所在地は、印鑑証明書の表記と一致するよう記載してください。
B20: また、事業所名・事業所所在地は、事業所指定を受けた内容と一致するよう記載してください。
B21: ただし、法人・事業所の所在地について、建物名や部屋番号を追加記載することは差し支えありません。

Sheet 様式第１号
A1: 様式第１号 (第７条関係)
V2: 令和 年 月 日
B4: 東京都知事 殿
O5: 申請者
O6: 所在地
O7: 法人名 | R7: =IF(提出書類一覧!$C$3="","",提出書類一覧!$C$3)
O8: 代表者職･氏名
A11: 令和8年度訪問系障害福祉サービス暑さ対策緊急支援事業補助金
A12: 交付申請書
B14: 標記の補助金について、下記の関係書類を添えて申請します。
A17: 記
B20: １ 申請額
B21: 金 | E21: ='別紙1-1「積算調書」'!I9 -> 0 | J21: 円
B22: ２ 事業所名
C23: =IF(提出書類一覧!$K$3="","",提出書類一覧!$K$3)
B24: ３ サービス種別
C25: 居宅介護 | E25: 重度訪問介護 | G25: 同行援護 | I25: 行動援護 | K25: 重度障害者等包括支援 | M25: 自立生活援助 | O25: 居宅訪問型児童発達支援 | Q25: 保育所等訪問支援 | S25: 計画相談支援 | U25: 地域移行支援 | W25: 地域定着支援 | Y25: 障害児相談支援
C26: =IF(提出書類一覧!H5="","",提出書類一覧!H5) | E26: =IF(提出書類一覧!I5="","",提出書類一覧!I5) | G26: =IF(提出書類一覧!J5="","",提出書類一覧!J5) | I26: =IF(提出書類一覧!K5="","",提出書類一覧!K5) | K26: =IF(提出書類一覧!L5="","",提出書類一覧!L5) | M26: =IF(提出書類一覧!M5="","",提出書類一覧!M5) | O26: =IF(提出書類一覧!N5="","",提出書類一覧!N5) | Q26: =IF(提出書類一覧!O5="","",提出書類一覧!O5) | S26: =IF(提出書類一覧!P5="","",提出書類一覧!P5) | U26: =IF(提出書類一覧!Q5="","",提出書類一覧!Q5) | W26: =IF(提出書類一覧!R5="","",提出書類一覧!R5) | Y26: =IF(提出書類一覧!S5="","",提出書類一覧!S5)
B27: ４ 事業所番号
C28: =IF(提出書類一覧!$H$3="","",提出書類一覧!$H$3)
B29: ５ 事業所所在地
B31: ６ 添付資料
B32: ア 訪問系障害福祉サービス暑さ対策緊急支援事業費補助 積算調書（別紙１－１）
B33: イ 対象経費の支出予定額内訳書（別紙１-２）
B34: ウ 職員名簿（別紙１-３）
B35: エ 歳入歳出予算（見込）書抄本
B36: オ 支払金口座振替依頼書
B37: カ 印鑑証明書
B38: キ その他参考となる資料
T40: 担 当 者
T41: 所属
T43: 氏名
T44: TEL
T45: e-mail

Sheet 別紙1-1「積算調書」
B1: 別紙１－１ | C1: 訪問系障害福祉サービス暑さ対策緊急支援事業費補助 積算調書 | G1: 法人名 | H1: =IF(提出書類一覧!$C$3="","",提出書類一覧!$C$3)
G2: 事業所名 | H2: =IF(提出書類一覧!$K$3="","",提出書類一覧!$K$3)
G3: 事業所職員数
C5: 対象経費の 実支出予定額 | D5: 寄附金その他の収入額 | E5: 差引後実支出 予定額 | F5: 補助基準額 | G5: 選定額 | H5: 補助率 | I5: 補助所要額 | J5: 備考
C6: （Ａ） | D6: （Ｂ） | E6: （Ｃ＝Ａ－Ｂ） | F6: （Ｄ） | G6: （Ｅ） | H6: （Ｆ） | I6: （Ｇ＝Ｅ×3/4）
B7: ①居宅介護員等の利用者宅等への移動時及び利用者宅でのサービス提供時の暑さ対策、熱中症対策に資することを目的とした経費 | C7: =SUMIF('別紙1-2「内訳書」'!B:B,LEFT(B7,1),'別紙1-2「内訳書」'!E:E) -> 0 | E7: =IF(C7=0,"",C7-D7) | F7: =IFERROR(VLOOKUP(H3,データセット!C:E,2),"") | G7: =IF(E7="","",MIN(E7,F7)) | H7: 0.75 | I7: =IF(G7="","",ROUNDDOWN(G7*H7,-3))
B8: ②居宅介護員等が利用者宅でのサービス提供時に熱中症リスクを感知する機器の購入経費 | C8: =SUMIF('別紙1-2「内訳書」'!B:B,LEFT(B8,1),'別紙1-2「内訳書」'!E:E) -> 0 | E8: =IF(C8=0,"",C8-D8) | F8: =IFERROR(VLOOKUP(H3,データセット!C:E,3),"") | G8: =IF(E8="","",MIN(E8,F8)) | H8: 0.75 | I8: =IF(G8="","",ROUNDDOWN(G8*H8,-3))
B9: 補助所要額計 | I9: =SUM(I7:I8) -> 0
B10: 金額は、全て円単位で記載すること。
B11: 「補助対象経費の実支出予定額」は様式１－２「対象経費の支出予定額内訳書」の合計額を記入すること。
B12: Ｅ欄には、Ｃ欄とＤ欄を比較して少ない方の額を記載すること。
B13: Ｇ欄には、Ｅ欄の額に補助率を乗じて得た額を記載すること。ただし、千円未満の端数が生じた場合は切り捨てること。

Sheet 別紙1-2「内訳書」
A1: 別紙１－２ | D1: 事業所名 | E1: =IF(提出書類一覧!K3="","",提出書類一覧!K3)
A3: 対象経費の支出予定額内訳書
F6: （単位：円）
A7: 品名 | B7: 区分 | C7: 数量 | D7: 単価 | E7: 金額 | F7: 備考
A8: ファン付き作業着 | E8: =C8*D8 -> 0
A9: 保冷剤入りベスト | E9: =C9*D9 -> 0
A10: 首掛け扇風機 | E10: =C10*D10 -> 0
E11: =C11*D11 -> 0
E12: =C12*D12 -> 0
E13: =C13*D13 -> 0
E14: =C14*D14 -> 0
E15: =C15*D15 -> 0
E16: =C16*D16 -> 0
E17: =C17*D17 -> 0
E18: =C18*D18 -> 0
E19: =C19*D19 -> 0
E20: =C20*D20 -> 0
E21: =C21*D21 -> 0
E22: =C22*D22 -> 0
... E26: =C26*D26 -> 0
A27: ①合計 | B27: - | C27: － | D27: － | E27: =SUMIF(B8:B26,LEFT(A27,1),E8:E26) -> 0
A28: ②合計 | B28: - | C28: － | D28: － | E28: =SUMIF(B8:B26,LEFT(A28,1),E8:E26) -> 0
A29: 合 計 | B29: - | C29: － | D29: － | E29: =SUM(E27:E28) -> 0
A30: ・”区分”の①、②については、①居宅介護員等の利用者宅等への移動時及び利用者宅でのサービス提供時の暑さ対策、熱中症対策に資することを目的とした経費
A31: ②居宅介護員等が利用者宅でのサービス提供時に熱中症リスクを感知する機器の購入経費
A32: を示す。必ず選択すること。
A33: ・”単価”欄には、税抜きの単価を記載すること。

Sheet 別紙1-3「職員名簿」
A1: 別紙１－３ 職員名簿 | H1: 事業所名 | J1: =IF(提出書類一覧!K3="","",提出書類一覧!K3)
D2: =COUNTIF(D5:D1001,"〇") -> 1 | E2: =COUNTIF(E5:E1001,"〇") -> 1 | F2: =COUNTIF(F5:F1001,"〇") -> 0 | G2: =COUNTIF(G5:G1001,"〇") -> 1 | H2: =COUNTIF(H5:H1001,"〇") -> 0 | I2: =COUNTIF(I5:I1001,"〇") -> 0 | J2: =COUNTIF(J5:J1001,"〇") -> 0 | K2: =COUNTIF(K5:K1001,"〇") -> 0 | ... O2: =COUNTIF(O5:O1001,"〇") -> 0
A3: # | B3: 氏名 | C3: フリガナ | D3: 従事サービス
D4: 居宅介護 | E4: 重度訪問介護 | F4: 同行援護 | G4: 行動援護 | H4: 重度障害者等包括支援 | I4: 自立生活援助 | J4: 居宅訪問型児童発達支援 | K4: 保育所等訪問支援 | L4: 計画相談支援 | M4: 地域移行支援 | N4: 地域定着支援 | O4: 障害児相談支援
A5: 1 | B5: 東京 太郎 | C5: トウキョウ タロウ | D5: 〇 | E5: 〇 | G5: 〇
A6: 2
A7: 3

Sheet (参考様式)予算書
AF3: 事業所名称： | AG3: =提出書類一覧!K3 -> 0
A5: 歳入歳出予算（見込）書抄本
B8: １ 歳入の部
BB9: （単位：円）
D10: 区 分 | S10: 予算（見込）額 | AJ10: 備 考
D12: 東京都補助金 | S12: =IF('別紙1-1「積算調書」'!I9="",0,'別紙1-1「積算調書」'!I9) -> 0
D14: 自己資金 | S14: =IF(S25="",0,S25-S12) -> 0
D25: 合 計 | S25: ='別紙1-2「内訳書」'!E29 -> 0
B27: ２ 歳出の部
D29: 区 分 | S29: 予算（見込）額 | AJ29: 備 考
D31: 物品購入費 | S31: ='別紙1-2「内訳書」'!E29 -> 0
D44: 合 計 | S44: =SUM(S30:AI43) -> 0
C47: 本書は、原本と相違ないことを証明します。
D49: =様式第１号!V2 -> 令和 年 月 日
E51: 法人名: | J51: =提出書類一覧!C3 -> 0
E53: 代表者職氏名: | N53: =様式第１号!V8 -> 0
BG63: あ

Sheet データセット
A1: サービス | C1: 職員数 | D1: 熱中症対策備品 | E1: 熱中症対策計器
A2: 居宅介護 | C2: ①1～10人 | D2: 100000 | E2: 50000
A3: 重度訪問介護 | C3: ②11～20人 | D3: 200000 | E3: 100000
A4: 同行援護 | C4: ③21～30人 | D4: 300000 | E4: 150000
A5: 行動援護 | C5: ④31～40人 | D5: 400000 | E5: 200000
A6: 自立生活援助 | C6: ⑤41人～ | D6: 500000 | E6: 250000
A7: 重度障害者等包括支援、
A8: 居宅訪問型児童発達支援
A9: 保育所等訪問支援
A10: 計画相談支援
A11: 地域移行支援
A12: 地域定着支援
A13: 障害児相談支援
